 Dungeon Crawl Stone Soup version 0.29-a0-266-gf56f883ddd (webtiles) character file.

Game seed: 15182354145974177693

144 numlockpick the Sneak (level 5, 0/36 HPs)
             Began as an Octopode Monk on Mar 7, 2022.
             Slain by an orc wizard
             ... wielding a +2 dagger of venom
              (3 damage)
             ... on level 3 of the Dungeon.
             The game lasted 00:05:56 (2848 turns).

numlockpick the Sneak (Octopode Monk)               Turns: 2848, Time: 00:05:57

Health: 0/36       AC:  1    Str: 11    XL:     5   Next: 26%
Magic:  5/5        EV: 14    Int: 12    God:
Gold:   218        SH:  5    Dex: 16    Spells: 4/4 levels left

rFire   . . .      SeeInvis .     - Unarmed
rCold   . . .      Faith    .   (no shield)
rNeg    . . .      Spirit   .   (helmet restricted)
rPois   .          Reflect  +   c - amulet of reflection
rElec   .          Harm     .   (no ring)
rCorr   .          Rampage  .   (no ring)
Will    .....                   (no ring)
Stlth   +++++.....              (no ring)
HPRegen 0.12/turn               (no ring)
MPRegen 0.09/turn               (no ring)
                                (no ring)
                                (no ring)

@: lethally poisoned (0 -> -7)
A: almost no armour, amphibious, 8 rings, camouflage 1, gelatinous body 1,
(nimble swimmer 1), tentacles
a: no special abilities


You were on level 3 of the Dungeon.
You visited 1 branch of the dungeon, and saw 4 of its levels.

You collected 218 gold pieces.

Inventory:

Missiles
 n - a throwing net (quivered)
Jewellery
 c - an amulet of reflection (around mantle)
Wands
 i - a wand of iceblast (5)
Scrolls
 d - a scroll of torment {unknown}
 e - a scroll of fog {unknown}
 f - a scroll of noise {unknown}
 m - a scroll of magic mapping {unknown}
 o - a scroll of enchant armour {unknown}
Potions
 a - a potion of ambrosia
 b - 3 potions of curing
 g - a potion of degeneration {unknown}
 h - a potion of haste {unknown}
 j - 2 potions of flight
 k - 2 potions of lignification
 l - a potion of magic {unknown}
 p - a potion of brilliance


   Skills:
 - Level 3.0 Fighting
 - Level 3.0 Dodging
 + Level 7.6 Stealth
 - Level 3.0 Unarmed Combat


You had 4 spell levels left.
You didn't know any spells.
Your spell library contained the following spells:

 Spells                   Type           Power      Damage    Failure   Level
 Shock                    Conj/Air       0%         1d3       32%         1


Dungeon Overview and Level Annotations

Branches:
Dungeon (4/15)
 Temple: D:4-7

Altars:


Innate Abilities, Weirdness & Mutations

You cannot wear most types of armour.
You are amphibious.
You can wear up to eight rings at the same time.
Your skin changes colour to match your surroundings (Stealth+).
Your rubbery body absorbs attacks. (AC +1, EV +1)
((You are camouflaged when in or above water. (Stealth+)))
You have tentacles for arms and can constrict up to eight enemies at once.


Message History

The magic dart hits you! The orc wizard casts a spell at you.
You are confused.
You bump into the rock wall.
The orc wizard gestures wildly while chanting.
The orc wizard flickers and vanishes!
Deactivating autopickup; reactivate with Ctrl-A.
You bump into the rock wall.
You're too confused to move!
You feel less confused.
You see here a ball python corpse.
There is a stone staircase leading up here.
The orc wizard hits you with a +2 dagger of venom.
You are poisoned.
You climb upwards.
Reactivating autopickup.
You feel very sick.
There is a stone staircase leading down here.
You tentacle-slap the orc wizard. Your grab misses the orc wizard.
Your squeeze misses the orc wizard.
The orc wizard is moderately wounded.
You feel sick.
The orc wizard casts a spell.
The orc wizard flickers and vanishes!
Deactivating autopickup; reactivate with Ctrl-A.
You barely miss something.
You feel sick. Something hits you.
You are lethally poisoned!
You tentacle-slap something.
Your tentacle-slap misses something.
Your squeeze misses something.
* * * LOW HITPOINT WARNING * * *
You feel very sick. Something hits you.
* * * LOW HITPOINT WARNING * * *
You are more poisoned.
You feel better. Something hits you.
* * * LOW HITPOINT WARNING * * *
You are lethally poisoned!
You tentacle-slap something.
* * * LOW HITPOINT WARNING * * *
You feel sick. Something hits you.
You die...

##################
#####@.†...........^..
#...#{########.......#
#...#.....# #.#####.#
#...#.###.# #.# #.#
#####...#.# #.# ##'#####.#
#.......#'###.###......#..
#.............##.......###
#.............##.......#
#......................#


There were no monsters in sight!

Vanquished Creatures
  4 gnolls (D:2)
  4 adders
  3 worms
  A dart slug (D:1)
  6 ball pythons
  7 endoplasms
  3 giant cockroaches
  7 goblins
  6 hobgoblins
  3 kobolds
  2 quokkas
  6 bats
  3 frilled lizards
  4 rats
59 creatures vanquished.

Notes
Turn   | Place    | Note
-------+----------+-------------------------------------------
     0 | D:1      | numlockpick the Octopode Monk began the quest for the Orb.
     0 | D:1      | Reached XP level 1. HP: 16/16 MP: 1/1
   135 | D:1      | Reached skill level 3 in Stealth
   418 | D:1      | Reached XP level 2. HP: 20/21 MP: 2/2
   434 | D:1      | Reached skill level 4 in Stealth
  1019 | D:2      | Reached XP level 3. HP: 25/26 MP: 3/3
  1054 | D:2      | Reached skill level 5 in Stealth
  1498 | D:2      | Found a faded altar of an unknown god.
  1518 | D:2      | Got Plato's Volume of Lightness
  1679 | D:2      | Reached XP level 4. HP: 29/31 MP: 4/4
  1684 | D:2      | Reached skill level 6 in Stealth
  2387 | D:3      | Reached skill level 7 in Stealth
  2473 | D:3      | Reached XP level 5. HP: 32/36 MP: 5/5
  2848 | D:3      | Slain by an orc wizard

Illustrated notes

Levels and vault maps discovered:
D:1:      minmay_arrival_shattered_statue, layout_basic, serial_curves,
          eino_curves_04, eino_curves_01, nrook_mini_backslash,
          minmay_close_crescents
D:2:      layout_basic, shapermc_ecumenical_altar_rom_forum
D:3:      layout_basic
D:4:      minmay_evil_eye, layout_loops_ring, mainiacjoe_overflow_chevrons,
          lemuel_tele_altar, ebering_ghost_sewer_f

Skill      XL: |  1  2  3  4 |
---------------+-------------+-----
Stealth        | 3 4 5 7 |  7.6
Fighting       | |  3.0
Dodging        | |  3.0
Unarmed Combat | |  3.0

Action                   |  1- 3 |  4- 6 || total
-------------------------+-------+-------++-------
Melee: Unarmed           |    63 |    69 ||   132
       Tentacles         |    14 |    13 ||    27
       Constrict         |    14 |    13 ||    27
       Punch             |     2 |     3 ||     5
  Use: Scroll            |       |     5 ||     5
       Potion            |       |     1 ||     1
 Stab: Sleeping          |    13 |     8 ||    21
Armor: Skin              |     2 |     4 ||     6
Dodge: Dodged            |    20 |    31 ||    51
Block: Other             |     9 |     9 ||    18

Table legend: (Time is in decaauts)
 A = Elapsed time spent in this place.
 B = Non-inter-level travel time spent in this place.
 C = Inter-level travel time spent in this place.
 D = Time resting spent in this place.
 E = Time spent auto-exploring this place.
 F = Levels seen in this place.
 G = Mean time per level.
                   A        B        C        D        E       F      G
               +--------+--------+--------+--------+--------+-----+--------+
         Total |   2840 |   2792 |     48 |      0 |   2318 |   4 |  710.0 |
       Dungeon |   2840 |   2792 |     48 |      0 |   2318 |   4 |  710.0 |
               +--------+--------+--------+--------+--------+-----+--------+

Top non-repeatable levels by time:
     D:2: 1183 daAuts
     D:1: 1007 daAuts
     D:3: 601 daAuts
     D:4: 48 daAuts
